 Dungeon Crawl Stone Soup version 0.26-a0-642-g67e99244d3 (webtiles) character file.

Game seed: 4173870169379889514

30 DogServant the Chucker (level 3, 37/37 HPs)
             Began as an Ogre Hunter on Sept 22, 2020.
             Quit the game on level 2 of the Dungeon.
             The game lasted 00:01:42 (1530 turns).

DogServant the Chucker (Ogre Hunter)                Turns: 1530, Time: 00:01:43

Health: 37/37      AC:  3    Str: 17    XL:     3   Next: 20%
Magic:  3/3        EV: 10    Int: 12    God:
Gold:   82         SH:  0    Dex:  9    Spells: 2/2 levels left

rFire    . . .     SeeInvis .   f - +0 club
rCold    . . .     Faith    .   (no shield)
rNeg     . . .     Spirit   .   b - +0 robe
rPois    .         Reflect  .   (helmet restricted)
rElec    .         Harm     .   (no cloak)
rCorr    .         Rampage  .   (gloves unavailable)
MR       .....                  (boots unavailable)
Stlth    +.........             (no amulet)
HPRegen  0.12/turn              (no ring)
MPRegen  0.08/turn              (no ring)

@: confused
A: large, unfitting armour, tough skin 1
a: no special abilities


You were on level 2 of the Dungeon.
You visited 1 branch of the dungeon, and saw 2 of its levels.

You collected 82 gold pieces.

Inventory:

Hand Weapons
 f - a +0 club (weapon)
Missiles
 c - 3 large rocks (quivered)
 d - 2 throwing nets
Armour
 b - a +0 robe (worn)
Scrolls
 a - 2 scrolls of identify {unknown}
 e - a scroll of magic mapping {unknown}
 g - a scroll of fear {unknown}
 h - a scroll of noise {unknown}
 l - a scroll of remove curse {unknown}
Potions
 i - a potion of curing {unknown}
 j - a potion of degeneration {unknown}
 k - a potion of cancellation {unknown}


   Skills:
 + Level 3.3 Fighting
 + Level 1.0 Maces & Flails
 + Level 4.4 Throwing
 - Level 2.0 Dodging
 - Level 0.6 Stealth


You had 2 spell levels left.
You didn't know any spells.
Your spell library was empty.

Dungeon Overview and Level Annotations

Branches:
Dungeon (2/15)

Altars:

Annotations:
D:2 Sigmund


Innate Abilities, Weirdness & Mutations

You are too large for most types of armour.
You have tough skin. (AC +1)


Message History

Sigmund is wielding a +0 scythe and wearing a +2 robe of magic resistance.
The kobold shouts!
The kobold throws a stone.
The stone barely misses you.
Throwing (i - inventory. (/) - cycle)
c - 5 large rocks (quivered)
Press: ? - help, Shift-Dir - straight line, f - kobold
Aim: a kobold, wielding a -1 dagger and quivering 3 stones You throw a large rock.
The large rock closely misses the kobold.
The goblin shouts!
The kobold throws a stone.
The stone barely misses you.
The kobold throws a stone.
The stone closely misses you.
Throwing (i - inventory. (/) - cycle)
c - 4 large rocks (quivered)
Press: ? - help, Shift-Dir - straight line, f/p - kobold
Aim: a kobold, wielding a -1 dagger and quivering a stone You throw a large rock.
The large rock hits the kobold.
The kobold is moderately wounded.
The kobold throws a stone.
The stone hits you but does no damage. Sigmund casts a spell at you.
You are confused.
Are you sure you want to abandon this character and quit the game? (Confirm with "yes".)

..............######.
..##########.#######.(..
..# #.# #........ ..#
#.###....K... ###
#..##........
##.##.g......
#..#........
##.#........ #.#@..@....
#.(........ ##.........
#.######.# ..# # ....
.... .....# ####..


You could see Sigmund, a goblin and a kobold.

Vanquished Creatures
  3 dart slugs (D:1)
  3 giant cockroaches (D:1)
  2 goblins (D:1)
  5 hobgoblins
  3 kobolds (D:1)
  2 bats (D:1)
  A frilled lizard (D:1)
  3 rats (D:1)
22 creatures vanquished.

Notes
Turn   | Place    | Note
-------+----------+-------------------------------------------
     0 | D:1      | DogServant the Ogre Hunter began the quest for the Orb.
     0 | D:1      | Reached XP level 1. HP: 22/22 MP: 1/1
    98 | D:1      | Reached XP level 2. HP: 17/29 MP: 2/2
  1091 | D:1      | Reached XP level 3. HP: 34/37 MP: 3/3
  1211 | D:1      | Reached skill level 1 in Maces & Flails
  1527 | D:2      | Noticed Sigmund
  1530 | D:2      | Quit the game

Illustrated notes

Levels and vault maps discovered:
D:1:      erik_arrival_orb_chamber, layout_basic
D:2:      layout_basic, uniq_sigmund

Skill      XL: |  1  2  3 |
---------------+----------+-----
Dodging        | 2 |  2.0
Fighting       | 3 |  3.3
Maces & Flails | 1 |  1.0
Throwing       | |  4.4
Stealth        | |  0.6

Action                   || total
-------------------------++-------
Melee: Short sword       ||    22
       Club              ||    62
Throw: Large rock        ||    15
       Throwing net      ||     2
Armor: Robe              ||    55
Dodge: Dodged            ||    61

Table legend: (Time is in decaauts)
 A = Elapsed time spent in this place.
 B = Non-inter-level travel time spent in this place.
 C = Inter-level travel time spent in this place.
 D = Time resting spent in this place.
 E = Time spent auto-exploring this place.
 F = Levels seen in this place.
 G = Mean time per level.
                   A        B        C        D        E       F      G
               +--------+--------+--------+--------+--------+-----+--------+
         Total |   1560 |   1508 |     52 |    224 |   1066 |   2 |  780.0 |
       Dungeon |   1560 |   1508 |     52 |    224 |   1066 |   2 |  780.0 |
               +--------+--------+--------+--------+--------+-----+--------+

Top non-repeatable levels by time:
     D:1: 1499 daAuts
     D:2: 61 daAuts
